 Dungeon Crawl Stone Soup version 0.32-a0-732-ga344392067 (webtiles) character file.

Game seed: 3975339245052302718

23 Xpym the Digger (level 2, -5/20 HPs)
             Began as a Ghoul Earth Elementalist on Mar 16, 2024.
             Slain by Robin
             ... wielding a +2 mace of protection
              (8 damage)
             ... on level 2 of the Dungeon.
             The game lasted 00:02:08 (1007 turns).

Xpym the Digger (Ghoul Earth Elementalist)          Turns: 1007, Time: 00:02:08

Health: -5/20      AC:  2    Str: 11    XL:     2   Next: 95%
Magic:  2/5        EV: 11    Int: 14    God:
Gold:   32         SH:  0    Dex:  9    Spells: 4/5 levels left

rFire   . . .        (no weapon)
rCold   + . .        (no shield)
rNeg    + + +        a - +0 robe
rPois   ∞            (no helmet)
rElec   .            (no cloak)
rCorr   .            (no gloves)
SInv    .            (no boots)
Will    .....        d - amulet of magic regeneration
Stlth   ++           (no ring)
HPRegen 0.00/turn    (no ring)
MPRegen 0.49/turn

%: no passive effects
@: very slightly contaminated, inhibited regen
A: claws 1, cold resistance 1, negative energy resistance 3, inhibited
regeneration, torment resistance 2, devour on kill
a: no special abilities


You were on level 2 of the Dungeon.
You visited 1 branch of the dungeon, and saw 2 of its levels.

You collected 32 gold pieces.


Innate Abilities, Weirdness & Mutations

You are immune to poison.
You have sharp fingernails.
Your flesh is cold resistant. (rC+)
You are immune to negative energy. (rN+++)
You do not regenerate when monsters are visible.
You are immune to unholy pain and torment.
You thrive by killing the living.


   Skills:
 - Level 1.7 Dodging
 - Level 2.1 Stealth
 + Level 2.2 Spellcasting
 + Level 1.4 Conjurations
 + Level 3.7 Earth Magic


You had 4 spell levels left.
You knew the following spells:

 Your Spells              Type           Power      Damage    Failure   Level
z - Sandblast             Erth           22%        2d7       4%          1

Your spell library contained the following spells:

 Spells                   Type           Power      Damage    Failure   Level
 Passwall                 Erth           11%        N/A       16%         3
 Stone Arrow              Conj/Erth      16%        3d8       24%         3
 Brom's Barrelling Bould  Conj/Erth      8%         2d3       63%         4
 Petrify                  Alch/Erth      6%         N/A       73%         4
 Malign Gateway           Summ/Tloc      0%         N/A       100%        7
 Summon Horrible Things   Summ           0%         N/A       100%        8

Inventory:

Armour
 a - a +0 robe (worn)
Jewellery
 d - an amulet of magic regeneration (around neck)
Scrolls
 g - a scroll of fear {unknown}
 h - a scroll of silence {unknown}
Potions
 b - a potion of magic
 c - a potion of invisibility {unknown}
 e - a potion of enlightenment {unknown}
 f - a potion of attraction {unknown}
 i - a potion of heal wounds {unknown}

Dungeon Overview and Level Annotations

Branches:
Dungeon (2/15)

Altars:

Annotations:
D:2 Robin

.............#.# ...
#..............# ###.##
#.####<#.#.######## .....
#.# #....#.#### #.. ....
..##.###......# #.# #.g#
..##.# #......# #.# #..##
#. ..##.###......# #>#
#...######.
..............###g##
#g......>..
....##........##@#.##
#...######.
................###.###.###
##. ....###........##
##.##.# .. ...##
#.##.##.#.# #..%..# #. #.##
#. #.##.##.#.###### #<
#.### #. (....# #.# #.
....# ##.#### ### #g
###.###.##.# #) #
#........# #.


You could see Robin.


Message History

You take 6 damage, and have 9/20 hp.
MASSIVE DAMAGE!!
Casting: Sandblast (safe; 4% risk of failure)
Confirm with . or Enter, or press ? or * to list all spells.
Aiming: Sandblast (safe; 4% risk of failure)
Press: ? - help, Shift-Dir - straight line, f/p - Robin
Aim: Robin, wielding a +2 mace of protection, wearing a +0 animal skin and wearing a +0 helmet (severely wounded, 87% to hit)
The blast of sand hits Robin but does no damage.
Robin is severely wounded.
Robin hits you with a +2 mace of protection.
* * * LOW HITPOINT WARNING * * *
You take 6 damage, and have 3/20 hp.
MASSIVE DAMAGE!!
You now have 2/5 mp.
You aren't carrying any items that you can evoke.
Unknown command.
Unknown command.
Okay, then.
Unknown command.
Okay, then.
Unknown command.
Unknown command.
Casting: Sandblast (safe; 4% risk of failure)
Confirm with . or Enter, or press ? or * to list all spells.
Aiming: Sandblast (safe; 4% risk of failure)
Press: ? - help, Shift-Dir - straight line, f/p - Robin
Aim: Robin, wielding a +2 mace of protection, wearing a +0 animal skin and wearing a +0 helmet (severely wounded, 87% to hit)
You miscast Sandblast.
You are very lightly contaminated with residual magic.
Nothing appears to happen.
Robin hits you with a +2 mace of protection!
You die...
Robin lets out a smug laugh.

Skill      XL: |  1 |
---------------+----+-----
Conjurations   | 1 |  1.4
Spellcasting   | 2 |  2.2
Dodging        | |  1.7
Stealth        | |  2.1
Earth Magic    | |  3.7

Action                     || total
---------------------------++-------
   Cast: Sandblast         ||    37
 Armour: Robe              ||    17
  Dodge: Dodged            ||     9

Levels and vault maps discovered:
D:1:      roderic_dead_forest, layout_basic,
          hellmonk_ecumenical_altar_arch_garden, serial_forest,
          infiniplex_forest_end_1, infiniplex_forest_lined_corner,
          infiniplex_forest_straight_3, infiniplex_forest_clump_tiny,
          infiniplex_forest_clump_medium, infiniplex_forest_lined_3
D:2:      layout_loops_ring, roderic_filled_cross, uniq_robin

Notes
Turn   | Place    | Note
-------+----------+-------------------------------------------
     0 | D:1      | Xpym the Ghoul Earth Elementalist began the quest for the
                  | Orb.
     0 | D:1      | Reached XP level 1. HP: 14/14 MP: 3/3
    26 | D:1      | Found a faded altar of an unknown god.
    72 | D:1      | Reached skill level 1 in Conjurations
   154 | D:1      | Reached skill level 2 in Spellcasting
   154 | D:1      | Reached XP level 2. HP: 20/20 MP: 3/5
   839 | D:2      | Noticed Robin
  1007 | D:2      | Slain by Robin

Vanquished Creatures
  2 ball pythons (D:1)
  2 bats
  4 endoplasms (D:1)
  A giant cockroach (D:1)
  A hobgoblin (D:1)
  2 kobolds (D:2)
  A frilled lizard (D:1)
  5 goblins
  3 rats (D:1)
21 creatures vanquished.

Table legend: (Time is in decaauts)
 A = Elapsed time spent in this place.
 B = Non-inter-level travel time spent in this place.
 C = Inter-level travel time spent in this place.
 D = Time resting spent in this place.
 E = Time spent auto-exploring this place.
 F = Levels seen in this place.
 G = Mean time per level.
                   A        B        C        D        E       F      G
               +--------+--------+--------+--------+--------+-----+--------+
         Total |   1025 |    959 |     66 |      0 |    787 |   2 |  512.5 |
       Dungeon |   1025 |    959 |     66 |      0 |    787 |   2 |  512.5 |
               +--------+--------+--------+--------+--------+-----+--------+

Top non-repeatable levels by time:
     D:1: 888 daAuts
     D:2: 137 daAuts

Table legend:
 A = Non-vault XP
 B = Vault XP
 C = Vault XP percentage of total XP
 D = Non-vault monster count
 E = Vault monster count
 F = Vault count percentage of total count
                 A         B        C        D         E       F
            +---------+---------+-------+---------+---------+-------
      Total |      28 |       5 |  15.2 |      18 |       3 |  14.3
            +---------+---------+-------+---------+---------+-------
        D:1 |      24 |       2 |   7.7 |      15 |       1 |   6.2
        D:2 |       4 |       3 |  42.9 |       3 |       2 |  40.0
            +---------+---------+-------+---------+---------+-------
